 Dungeon Sprint DCSS version 0.21-a0-59-g7b0e191 (webtiles) character file.

421 Kidiri the Cudgeler (level 6, -12/66 HPs)
             Began as a Troll Gladiator on June 16, 2017.
             Was an Elder of Wu Jian.
             Mangled by a deep troll (18 damage)
             ... in the Dungeon (Sprint VII: "The Pits").
             The game lasted 00:03:54 (379 turns).

Kidiri the Cudgeler (Troll Gladiator)                Turns: 379, Time: 00:03:55

Health: -12/66     AC:  5    Str: 25    XL:     6   Next: 62%
Magic:  5/5        EV: 12    Int:  4    God:    Wu Jian [****..]
Gold:   0          SH:  0    Dex: 11    Spells: 5/5 levels left

rFire    . . .     SeeInvis .   a - +2 mace (protect)
rCold    . . .     Gourm    +   (no shield)
rNeg     . . .     Faith    .   b - +0 robe
rPois    .         Spirit   .   c - +0 hat
rElec    .         Reflect  .   (no cloak)
rCorr    .         Harm     .   (gloves unavailable)
MR       .....     NoTele   +   (boots unavailable)
Stlth    ++........             (no amulet)
HPRegen  0.61/turn              (no ring)
MPRegen  0.09/turn              (no ring)

@: exhausted
A: unfitting armour, claws 3, fast metabolism 3, gourmand, regeneration 1,
shaggy fur 1, tough skin 2
a: Serpent's Lash, Renounce Religion


You were in the Dungeon.
You worshipped Wu Jian.
Wu Jian was greatly pleased with you.
You were completely stuffed.

You visited 1 branch

Inventory:

Hand Weapons
 a - a +2 mace of protection (weapon)
Missiles
 d - 3 throwing nets (quivered)
Armour
 b - a +0 robe (worn)
 c - a +0 hat (worn)
Scrolls
 k - a scroll of blinking
 m - 3 scrolls of remove curse
 n - 5 scrolls of amnesia
 o - a scroll of summoning
Potions
 e - 6 potions of curing
 g - 5 potions of heal wounds
 h - a potion of haste
 i - 4 potions of magic
 j - a potion of berserk rage
 l - 2 potions of invisibility
Comestibles
 f - 9 bread rations
 p - 40 fruits
 q - 7 meat rations


   Skills:
 * Level 5.5 Fighting
 * Level 6.5 Maces & Flails
 + Level 4.4 Throwing
 + Level 3.7 Armour
 * Level 5.8 Dodging
 * Level 3.8 Stealth


You had 5 spell levels left.
You didn't know any spells.

Dungeon Overview and Level Annotations

Branches:
Dungeon (1/1)

Altars:
Ashenzari
Cheibriados
Dithmenos
Elyvilon
Fedhas
Gozag
Hepliaklqana
Kikubaaqudgha
Makhleb
Nemelex Xobeh
Okawaru
Qazlal
Ru
Sif Muna
Trog
Uskayaw
Vehumet
Wu Jian
Xom
Yredelemnul
Zin
The Shining One
Beogh
Jiyva
Lugonu


Innate Abilities, Weirdness & Mutations

You are too large for most types of armour.
You have claws for hands.
Your metabolism is lightning-fast.
You like to eat raw meat.
Your natural rate of healing is unusually fast.
You are covered in fur. (AC +1)
You have very tough skin. (AC +2)


Message History

The helpless deep troll fails to defend itself.
The deep troll is caught off-guard!
You hit the deep troll.
Your weapon exudes an aura of protection.
The deep troll is lightly wounded.
Swooosh!
There is an open door here.
You closely miss the deep troll.
The deep troll is lightly wounded.
The deep troll bites you! The deep troll claws you! The deep troll claws you.
ZOOOM!
Things that are here:
a dagger of speed; an inedible chunk of flesh Unknown command.
There is an open door here.
The deep troll bites you!
* * * LOW HITPOINT WARNING * * *
The deep troll claws you!
* * * LOW HITPOINT WARNING * * *
The deep troll claws you!!
You die...

#.#........##.......#
#'###########.......#
#.......# #########
#.###...# #.#.....#
#.#...#.#+#
#.....#.#.+
#...###.#§#
#......@T§#
###########


You could see a deep troll.

Vanquished Creatures
  A warg (D)
  A floating eye (D)
  A wolf (D)
  A big kobold (D)
  A crimson imp (D)
  A gnoll (D)
  An ooze (D)
  A leopard gecko (D)
  A ball python (D)
  A giant cockroach (D)
  4 jackals (D)
  A kobold (D)
  3 quokkas (D)
  A bat (D)
19 creatures vanquished.

Notes
Turn   | Place    | Note
-------+----------+-------------------------------------------
     0 | D        | Kidiri the Troll Gladiator began the quest for the Orb.
     0 | D        | Reached XP level 1. HP: 19/19 MP: 0/0
    55 | D        | Found a bloodstained altar of Trog.
    55 | D        | Found a deep blue altar of Sif Muna.
    55 | D        | Found a viscous altar of Jiyva.
    55 | D        | Found a hazy altar of Hepliaklqana.
    55 | D        | Found an opulent altar of Gozag.
    56 | D        | Found a glowing golden altar of the Shining One.
    56 | D        | Found a glowing silver altar of Zin.
    56 | D        | Found a basalt altar of Yredelemnul.
    56 | D        | Found a shimmering altar of Xom.
    56 | D        | Found an ornate altar of the Wu Jian Council.
    56 | D        | Found a sacrificial altar of Ru.
    56 | D        | Found a stormy altar of Qazlal.
    56 | D        | Found an iron altar of Okawaru.
    56 | D        | Found a sparkling altar of Nemelex Xobeh.
    56 | D        | Found a burning altar of Makhleb.
    56 | D        | Found a blossoming altar of Fedhas.
    56 | D        | Found a white marble altar of Elyvilon.
    56 | D        | Found a shadowy altar of Dithmenos.
    56 | D        | Found a snail-covered altar of Cheibriados.
    58 | D        | Found a radiant altar of Vehumet.
    58 | D        | Found a corrupted altar of Lugonu.
    58 | D        | Found a roughly hewn altar of Beogh.
    59 | D        | Found a hide-covered altar of Uskayaw.
    59 | D        | Found an ancient bone altar of Kikubaaqudgha.
    59 | D        | Found a shattered altar of Ashenzari.
    65 | D        | Became a worshipper of the Wu Jian Council
    82 | D        | Noticed a floating eye
    84 | D        | Paralysed by a floating eye for 4 turns
    88 | D        | Killed a floating eye
    88 | D        | Reached skill level 4 in Maces & Flails
    88 | D        | Reached XP level 2. HP: 29/31 MP: 1/1
    88 | D        | Reached XP level 3. HP: 35/37 MP: 2/2
    88 | D        | Reached XP level 4. HP: 42/45 MP: 3/3
   102 | D        | Reached * piety under Wu Jian
   107 | D        | Reached ** piety under Wu Jian
   126 | D        | Noticed a wolf
   147 | D        | Reached *** piety under Wu Jian
   158 | D        | Killed a wolf
   158 | D        | Reached skill level 5 in Maces & Flails
   158 | D        | Reached XP level 5. HP: 10/55 MP: 4/4
   234 | D        | Noticed a warg
   255 | D        | Killed a warg
   255 | D        | Reached skill level 5 in Fighting
   255 | D        | Reached skill level 6 in Maces & Flails
   255 | D        | Reached skill level 5 in Dodging
   255 | D        | Reached XP level 6. HP: 42/66 MP: 5/5
   267 | D        | Reached **** piety under Wu Jian
   318 | D        | Reached ***** piety under Wu Jian
   376 | D        | Noticed a deep troll
   379 | D        | Mangled by a deep troll

Vault maps used:
D:        pitsprint

Skill      XL: |  1  2  3  4  5 |
---------------+----------------+-----
Fighting       | 3 4 5 |  5.5
Maces & Flails | 4 5 6 |  6.5
Throwing       | 3 4 |  4.4
Armour         | 2 3 |  3.7
Dodging        | 4 5 |  5.8
Stealth        | 2 3 |  3.8

Action                   |  1- 3 |  4- 6 || total
-------------------------+-------+-------++-------
Melee: Mace              |     3 |    63 ||    66
       Flail             |     3 |       ||     3
Invok: Serpent's Lash    |       |     1 ||     1
  Use: Potion            |       |     3 ||     3
 Stab: Sleeping          |       |     2 ||     2
  Eat: Chunk             |       |     9 ||     9
Armor: Robe              |     2 |    24 ||    26
Dodge: Dodged            |     4 |    31 ||    35
